Cogmind - Beta 13 @@@ ROGUE MODE // 2024.04.26 @ 10:55:34 Player: mewcatx Result: Destroyed by D-53 Grenadier with Mini Grenade Launcher Performance ------------- Evolutions (0) 0 Regions Visited (2) 400 Robots Destroyed (10) 50 Value Destroyed (195) 195 Prototype IDs (0) 0 Alien Tech Used (0) 0 Bonus (0) 0 TOTAL SCORE: 645 Bonus ------- None Cogmind --------- Core Integrity 0/250 Matter 230/300 Energy 84/100 System Corruption 0% Temperature Cool (88) Movement Hovering (180) Ox2 Location -10/Mines Parts ------- > --- POWER (1) -------- (None) > --- PROPULSION (2) --- Hover Unit > --- UTILITY (2) ------ Medium Storage Unit Signal Interpreter > --- WEAPON (2) ------- Beam Cannon Beam Cannon > --- INVENTORY (10) --- Ion Engine Hover Unit Hover Unit Structural Scanner Grenade Launcher Grenade Launcher Peak State ------------ > --- POWER ------------ Light Angular Momentum Engine > --- PROPULSION ------- Hover Unit Hover Unit > --- UTILITY ---------- Medium Storage Unit Signal Interpreter > --- WEAPON ----------- Assault Rifle Heavy Assault Rifle > --- INVENTORY -------- Ion Engine Hover Unit Hover Unit Hover Unit Hover Unit Structural Scanner Beam Cannon Beam Cannon Grenade Launcher Grenade Launcher [Rating: 13] Favorites ----------- Power Light Ion Engine Engine Light Ion Engine Propulsion Light Treads Treads Light Treads Hover Unit Hover Unit Utility Medium Storage Unit Device Structural Scanner Storage Medium Storage Unit Processor Signal Interpreter Protection Weapon Shielding Weapon Assault Rifle Energy Cannon Beam Cannon Ballistic Gun Assault Rifle Launcher Grenade Launcher Build | -11 -10 -10 ------- Run | Yrd Mat Min Slots Evolved . | . . . Power . | . . . Propulsion . | . . . Utility . | . . . Weapon . | . . . Parts Attached 25 | 6 12 7 Power 2 | 1 . 1 Engine 2 | 1 . 1 Core . | . . . Reactor . | . . . Propulsion 7 | 2 3 2 Treads 2 | 2 . . Leg . | . . . Wheel . | . . . Hover 5 | . 3 2 Flight . | . . . Utility 8 | 1 7 . Device 1 | . 1 . Storage 4 | 1 3 . Processor 1 | . 1 . Hackware . | . . . Protection 2 | . 2 . Artifact . | . . . Weapon 8 | 2 2 4 Energy Gun . | . . . Energy Cannon 3 | . 1 2 Ballistic Gun 4 | 2 1 1 Ballistic Cannon . | . . . Launcher 1 | . . 1 Special Weapon . | . . . Impact Weapon . | . . . Slashing Weapon . | . . . Piercing Weapon . | . . . Special Melee Weapon . | . . . Unidentified Prototypes . | . . . Parts Lost 7 | . 1 6 Power 1 | . . 1 Propulsion 4 | . 1 3 Utility . | . . . Weapon 2 | . . 2 Highest Loss Streak 6 | . 1 6 To Critical Strikes . | . . . Average Slot Usage (%) 98 | . 98 99 Engine 13 | . 14 13 Treads 12 | . 17 . Hover 14 | . 10 27 Storage 14 | . 14 14 Processor 5 | . 2 14 Protection 7 | . 9 . Energy Cannon 11 | . 13 7 Ballistic Gun 14 | . 14 14 Launcher 1 | . . 7 Naked Turns . | . . . Heaviest Build 24 | 10 19 24 Greatest Support 40 | 40 40 12 Greatest Overweight (x) 3 | . 3 1 Average Overweight (x) . | . . 1 Largest Inventory Capacity 25 | 8 25 10 Average Capacity 9 | 6 9 10 Most Carried 10 | 4 10 10 Average Carried 8 | 2 9 9 Final Capacity 10 | 8 10 10 Final Carried 10 | 4 10 6 Class Distribution -------------------- 100% | Mutant Dominant Class ---------------- Mutant | -10/Materials Mutant | -10/Mines Resources | -11 -10 -10 ----------- Run | Yrd Mat Min Matter Collected 398 | 246 141 11 Remotely . | . . . Salvage Created 237 | . 174 63 Parts 17 | . 13 4 Haulers Intercepted 1 | . 1 . Recyclers Shooed . | . . . Parts Field Recycled . | . . . Retrieved Matter . | . . . Parts Self-Destructed . | . . . Prevented . | . . . Kills | -11 -10 -10 ------- Run | Yrd Mat Min Combat Hostiles Destroyed 6 | . 2 4 Cannons 2 | . 2 . AOE 3 | . . 3 Classes Destroyed 6 | . 4 2 Builder 1 | . 1 . Hauler 1 | . 1 . Watcher 2 | . 2 . Swarmer 3 | . . 3 Grunt 2 | . 2 . Sentry 1 | . . 1 Best Kill Streak 3 | . 2 3 Combat Bots Only 3 | . 1 3 Max Kills in Single Turn 2 | . 1 2 Gunslinging . | . . . Exploded 2 | . . 2 Melee . | . . . Uniques/NPCs Destroyed . | . . . Combat | -11 -10 -10 -------- Run | Yrd Mat Min Hostile Shots Fired 34 | . 15 19 Missed 9 | . 5 4 Damage Taken 807 | . 135 672 Core 264 | . 47 217 Absorbed by Shields . | . . . Redirected to Shielding 6 | . 6 . Core Remaining (%) 100 | 100 . . Volleys Fired 27 | . 20 7 Largest 2 | . 2 2 Hottest 120 | . 80 120 Shots Fired 54 | . 40 14 Gun 26 | . 20 6 Cannon 26 | . 20 6 Launcher 2 | . . 2 Special . | . . . Kinetic 26 | . 20 6 Thermal 26 | . 20 6 Explosive 2 | . . 2 Electromagnetic . | . . . Robot Hit Streak 5 | . 4 5 Robot Miss Streak 3 | . 3 2 Penetration Max . | . . . Secondary Targets . | . . . Shots Hit Robots 30 | . 22 8 Core Hits 14 | . 9 5 Critical Kills . | . . . Critical Parts Destroyed . | . . . Critical Strikes . | . . . Melee Attacks . | . . . Impact . | . . . Slashing . | . . . Piercing . | . . . Sneak Attacks . | . . . Combat Hostiles . | . . . Follow-up Attacks . | . . . Damage Inflicted 616 | . 337 279 Guns 155 | . 126 29 Cannons 280 | . 211 69 Explosions 181 | . . 181 Melee . | . . . Ramming . | . . . Kinetic 155 | . 126 29 Thermal 280 | . 211 69 Explosive 181 | . . 181 Electromagnetic . | . . . Impact . | . . . Slashing . | . . . Piercing . | . . . Highest Corruption . | . . . Average Corruption . | . . . Corruption Purged . | . . . Corruption Blocked . | . . . Overload Shots . | . . . Overflow Damage . | . . . Projectiles . | . . . Explosions . | . . . Melee . | . . . Knockbacks . | . . . Impact . | . . . Kinetic . | . . . Secondary . | . . . Self-Inflicted Damage 11 | . . 11 Shots 1 | . . 1 Rammed . | . . . Targets Rammed . | . . . Kicked . | . . . Crushed . | . . . Highest Temperature 118 | . 118 88 Average Temperature 32 | . 31 36 Received Heat Transfer 81 | . 72 9 Siege Activations . | . . . Robots Corrupted . | . . . Combat Hostiles . | . . . Parts Fried . | . . . Impact Corruptions . | . . . Robots Melted 1 | . . 1 Combat Hostiles 1 | . . 1 Parts Melted 2 | . . 2 Heat Transferred 592 | . 444 148 Parts Sabotaged . | . . . Parts Stolen . | . . . Parts Stripped . | . . . Power Chain Reactions . | . . . Alert | -11 -10 -10 ------- Run | Yrd Mat Min Peak Influence 120 | . 99 120 Initial 19 | . . 19 Average 26 | . 20 53 Maximum Alert Level . | . . . Low Security (%) 100 | 100 100 100 Level 1 . | . . . Level 2 . | . . . Level 3 . | . . . Level 4 . | . . . Level 5 . | . . . High Security . | . . . Max Security . | . . . Squads Dispatched 1 | . 1 . Investigation . | . . . Extermination . | . . . Reinforcement 1 | . 1 . Assault . | . . . Garrison . | . . . Intercept . | . . . Searches Triggered . | . . . Construction Impeded . | . . . Haulers Reinforced . | . . . Active Scanning Responses . | . . . Cargo Convoy Interrupts . | . . . Stealth | -11 -10 -10 --------- Run | Yrd Mat Min Distress Signals . | . . . Communications Jammed . | . . . Distress Signals . | . . . Times Spotted 18 | . 12 6 Peak Tracking Total 3 | . 3 3 Tactical Retreats 3 | . 3 . Traps | -11 -10 -10 ------- Run | Yrd Mat Min Traps Triggered . | . . . Indirectly . | . . . Trap Hack Attempts . | . . . Triggered . | . . . Disarmed . | . . . Reprogrammed . | . . . Reused . | . . . Traps Extracted . | . . . Installed . | . . . Triggered . | . . . Machines | -11 -10 -10 ---------- Run | Yrd Mat Min Machines Disabled . | . . . Max in Single Turn . | . . . Machines Repaired . | . . . Machines Dismantled . | . . . Machines Sabotaged . | . . . Overloaded Fab Kills . | . . . Hacking | -11 -10 -10 --------- Run | Yrd Mat Min Machines Accessed 2 | . 2 . Terminals 1 | . 1 . Fabricators . | . . . Repair Stations . | . . . Recycling Units 1 | . 1 . Scanalyzers . | . . . Garrison Access . | . . . Total Hacks 6 | . 6 . Successful 4 | . 4 . Failed 2 | . 2 . Catastrophic . | . . . Database Lockouts . | . . . Manual 2 | . 2 . Terminals 4 | . 4 . Fabricators . | . . . Repair Stations . | . . . Recycling Units 2 | . 2 . Scanalyzers . | . . . Garrison Access . | . . . Terminal Hacks 2 | . 2 . Terminal Index 1 | . 1 . Unreport Threat 1 | . 1 . Fabricator Hacks . | . . . Repair Station Hacks . | . . . Recycling Unit Hacks 2 | . 2 . Process 1 | . 1 . Retrieve Matter 1 | . 1 . Scanalyzer . | . . . Garrison Access Hacks . | . . . Unauthorized Hacks . | . . . Terminals . | . . . Fabricators . | . . . Repair Stations . | . . . Recycling Units . | . . . Scanalyzers . | . . . Garrison Access . | . . . Data Cores Recovered . | . . . Used . | . . . Hacking Detections 1 | . 1 . Full Trace Events . | . . . Feedback Events . | . . . Feedback Blocked . | . . . Robot Schematics Acquired . | . . . Robots Built . | . . . Authchips . | . . . Time . | . . . Total Robot Build Rating . | . . . Part Schematics Acquired . | . . . Parts Built . | . . . Authchips . | . . . Time . | . . . Total Part Build Rating . | . . . Parts Repaired . | . . . Time . | . . . Parts Recycled . | . . . Recycled Matter 234 | . 234 . Retrieved Matter 241 | . 241 . Retrieved Components . | . . . Parts Scanalyzed . | . . . Part Schematics Acquired . | . . . Parts Damaged . | . . . Bothacking | -11 -10 -10 ------------ Run | Yrd Mat Min Used RIF Installer . | . . . Robots Hacked . | . . . Non-combat . | . . . Combat . | . . . Robot Hacks Applied . | . . . Relay Couplers Released . | . . . Fabnet Peak Effective % . | . . . Robots Rewired . | . . . Allies Hacked . | . . . Hacks Repelled . | . . . Allies | -11 -10 -10 -------- Run | Yrd Mat Min Total Allies . | . . . Largest Group . | . . . Highest-Rated Group . | . . . Highest-Rated Ally . | . . . Total Orders . | . . . Ally Attacks . | . . . Total Damage . | . . . Kills . | . . . Allies Corrupted . | . . . Allies Melted . | . . . Intel | -11 -10 -10 ------- Run | Yrd Mat Min Robot Analysis Total . | . . . Derelict Logs Recovered 1 | . . 1 Drone Launches . | . . . Drone Recoveries . | . . . Exploration | -11 -10 -10 ------------- Run | Yrd Mat Min Turns Passed 1452 | 105 1007 340 Spaces Moved 963 | 60 637 266 Core 8 | 8 . . Treads 411 | 52 359 . Legs . | . . . Wheels . | . . . Hover 544 | . 278 266 Flight . | . . . Fastest Speed 50 | 50 116 116 Average Speed 134 | 145 141 116 Slowest Speed 240 | 160 240 116 Overloaded Moves . | . . . Propulsion Burnouts . | . . . Robots Hopped . | . . . Cave-ins Triggered . | . . . Exploration Rate (%) 40 | 4 72 46 Regions Visited 2 Branch Regions 1 Pre-discovered Areas 1 | . . 1 Known Exits Taken 1 | . 1 . Unknown Exits Taken 1 | 1 . . Scrap Searched . | . . . Spaces Dug . | . . . Terrain Destroyed 14 | . . 14 Melee . | . . . Projectile . | . . . AOE 14 | . . 14 Terrain Rammed . | . . . Walls Destroyed . | . . . Machines Disabled . | . . . Actions | -11 -10 -10 --------- Run | Yrd Mat Min Total 1060 | 75 702 283 Wait 10 | 6 4 . Move 961 | 59 636 266 Hop . | . . . Pick Up 21 | 4 16 1 Fast Attach 13 | 6 6 1 Attach 4 | . . 4 Detach . | . . . Swap 8 | . 6 2 Drop 16 | . 14 2 Fire 27 | . 20 7 Melee . | . . . Ram . | . . . Kick . | . . . Crush . | . . . Escape Stasis . | . . . Rewire . | . . . Trap . | . . . Miscellaneous . | . . . Route ------- -11/Scrapyard -10/Materials (discovered 2 exits: *Mat / *Min) -10/Mines (discovered 1 exit: *Mat) History --------- Turn | Location | Event 3 | -11/Scrapyard | Discovered new exit (range 16) 106 | -11/Scrapyard | Entered Materials 355 | -10/Materials | Build established: Mutant 638 | -10/Materials | Discovered new exit (range 7) 776 | -10/Materials | Discovered new exit (range 5) 1112 | -10/Materials | Identified exit to Mines 1113 | -10/Materials | Entered Mines 1117 | -10/Mines | Learned location of Mines (-9) 1117 | -10/Mines | Joined a pair of Derelicts in attacking an 0b10 outpost 1382 | -10/Mines | Discovered new exit (range 9) 1395 | -10/Mines | Identified exit to Materials 1421 | -10/Mines | Assembled infested the area 1444 | -10/Mines | Core integrity fell below 50% 1452 | -10/Mines | Core integrity fell below 20% 1453 | -10/Mines | Destroyed by D-53 Grenadier with Mini Grenade Launcher Last Messages --------------- Rifle. 01416_ K-01 Serf collects debris. 01421_ ALERT: Infestation in the mines, dispatching Demolisher response squad. 01432_ C-30 ARC bursts open, deploying its payload. 01432_ D-53 Grenadier unfolds itself. 01437_ Matter Pump disabled. 01439_ U-05 Engineer builds a Wall. 01443_ Hover Unit destroyed. 01443_ Hvy. Assault Rifle destroyed. 01445_ Assault Rifle destroyed. 01445_ D-53 Grenadier destroyed. 01446_ U-05 Engineer lays Concrete. 01448_ The unstable cave ceiling collapses. 01449_ U-05 Engineer lays Concrete. 01449_ Lgt. Angular Momentum Engine destroyed. 01449_ Hover Unit destroyed. 01450_ U-05 Engineer lays Concrete. 01451_ U-05 Engineer builds a Wall. Map ----- +----------------------------------------------------+ | ##????????????# #?????????? | | ##???????????# #?????????? | | # ##??????????# #?????????? | | ## ## ####???##??# #?????????? | | ?####### ##?## #?# #?????????? | | ???????## #?# ## #?????????? | | ????????##### #??# # #?????????? | | ??#####?????## #???# ##????????? | | ### ##?????# #???## #????????? | | ##????# #????# #????????? | | ###### ##???# #????????? | | ##### #????????? | | # #### ####### ##????????? | | ###??###?????# ##### #?????????? | | ?????????????# ##??## #?????????? | | ????????????## #???###?????????? | | ????????????# #???????????????? | | ????????????# ##???????????????? | | ????????????## ##????????????????? | | ?????????????## ##??########???????? | | ???#########??# #??## # ##??????? | | ???# #### #??# ##?????? | | ???# """ ## #??## ##????? | | ???# """ #### ##### #????? | | ???# """ = u #????? | | ???# = * # u% @ #????? | | ???# < ###### #????? | | ???# #####???# #????? | | ???#########???????## ##????? | | ????????????????????# d ##?????? | | ????????????????????## ##??????? | | ?????????????????????## #???????? | | ??????????????????????# ####???????? | | ??????????????????????# #??????????? | | ??????????????????????# ###????????? | | ??????????????????????# #????????? | | ??????????????????????### #????????? | | ????????????????????????# #????????? | | ????????????????????????# #????????? | | ????????????????????????# #????????? | | ????????????????????????# #????????? | | ????????????????????????# ????????? | | ????????????????????????# ????????? | | ????????????????????????## ????????? | | ??????????????????????????#????????? | | ???????????????????????????????????? | | ???????????????????????????????????? | | ???????????????????????????????????? | | ???????????????????????????????????? | | ???????????????????????????????????? | +----------------------------------------------------+ Best States ------------- Heat Dissipation 25 Energy Generation 18 Energy Capacity 150 Matter Stores 300 Matter Capacity 300 Sight Range 16 Terrain Scan Density 10 Weapon Shielding 33 Evasion (%) 40 Recoil Reduction 2 Item Schematics ----------------- None Robot Schematics ------------------ None Fabricated ------------ Nothing Alien Tech Used ----------------- None Achievements -------------- None Challenges ------------ None Game ------ Seed AlertTimingUnit Manual? 0 Play Time 00:15:45 Cumulative 10.6 hours Start 2024.04.26 @ 10:38:45 End 2024.04.26 @ 10:55:34 Sessions 1 Manual Loads 0 Difficulty Rogue Special Mode None Game No. 4 Rogue 3 Adventurer 1 Explorer 0 Win Type - Total 0 Types 0/0/0/0/0/0/0/0/0 Lore% 12 Gallery% 15 Achievement% 15 Wizard Run 0 Options --------- Layout 1 ASCII 0 Keyboard 0 Movement Mouse Keybinds 0 Fullscreen 1 Font 36/Smallcaps Map View 50x40 Zoom Use 0% Tactical HUD 1 Map Filters NONE Filters NONE Steam 0 RUN: ae58c234-f44f-42ea-9a3f-ae847ed7281e